 Dungeon Crawl Stone Soup version 0.27.1-3-gb3d3a73c9e (webtiles) character file.

Game seed: 16696250934235497805

2961 belegose the Fighter (level 9, 0/74 HPs)
             Began as a Gnoll Wanderer on Oct 27, 2021.
             Was a Believer of Fedhas.
             Slain by a two-headed ogre (5 damage)
             ... on level 7 of the Dungeon.
             The game lasted 00:29:37 (11834 turns).

belegose the Fighter (Gnoll Wanderer)              Turns: 11834, Time: 00:29:38

Health: 0/74       AC: 13    Str: 13    XL:     9   Next: 81%
Magic:  15/15      EV: 11    Int: 16    God:    Fedhas [**....]
Gold:   467        SH:  0    Dex:  9    Spells: 17/17 levels left

rFire    + . .     SeeInvis .   M - +2 quarterstaff (chaos)
rCold    + . .     Faith    .   (shield currently unavailable)
rNeg     . . .     Spirit   .   c - +0 ring mail
rPois    .         Reflect  .   n - +2 helmet
rElec    .         Harm     .   N - +2 cloak {Stlth+}
rCorr    .         Rampage  .   (no gloves)
Will     .....                  (no boots)
Stlth    +++.......             (no amulet)
HPRegen  0.22/turn              L - ring of protection from fire
MPRegen  0.14/turn              w - ring of protection from cold

@: no status effects
A: fangs 1, strong nose, distributed training
a: Renounce Religion, Wall of Briars


You were on level 7 of the Dungeon.
You worshipped Fedhas.
Fedhas was pleased with you.
You visited 2 branches of the dungeon, and saw 9 of its levels.
You also visited: Ossuary.

You collected 467 gold pieces.

Inventory:

Hand Weapons
 t - a +2 hand crossbow
 y - a +1 dagger of venom
 H - a +2 short sword of draining
 M - a +2 quarterstaff of chaos (weapon)
Missiles
 g - 38 bolts
 h - 336 stones
 j - 5 javelins
 o - 47 sling bullets
 E - 2 poisoned darts (quivered)
 G - 6 curare-tipped darts
Armour
 c - a +0 ring mail (worn)
 n - a +2 helmet (worn)
 N - a +2 cloak of stealth (worn)
Jewellery
 i - a ring of positive energy
 w - a ring of protection from cold (right hand)
 J - a ring of flight
 L - a ring of protection from fire (left hand)
Wands
 f - a wand of iceblast (8)
 I - a wand of charming (11)
Scrolls
 d - 2 scrolls of teleportation
 e - 4 scrolls of amnesia
 l - 2 scrolls of enchant weapon {unknown}
 p - a scroll of fear {unknown}
 q - a scroll of blinking {unknown}
 s - 2 scrolls of fog {unknown}
 D - a scroll of holy word {unknown}
 F - a scroll of torment {unknown}
 K - 2 scrolls of identify
Potions
 k - 6 potions of curing
 m - 4 potions of brilliance
 r - a potion of haste
 u - 2 potions of heal wounds
 v - 3 potions of flight
 x - a potion of lignification {unknown}
 z - a potion of resistance {unknown}
 A - 2 potions of attraction {unknown}
 B - 2 potions of cancellation {unknown}
 C - a potion of mutation {unknown}


   Skills:
 + Level 8.1 Fighting
 + Level 4.6 Short Blades
 + Level 4.6 Long Blades
 + Level 5.3 Axes
 + Level 4.6 Maces & Flails
 + Level 4.6 Polearms
 + Level 4.6 Staves
 + Level 4.6 Slings
 + Level 4.6 Bows
 + Level 6.6 Crossbows
 + Level 5.3 Throwing
 + Level 6.6 Armour
 + Level 4.6 Dodging
 + Level 4.6 Stealth
 + Level 4.6 Shields
 + Level 4.6 Unarmed Combat
 + Level 4.6 Spellcasting
 + Level 3.8 Conjurations
 + Level 3.8 Hexes
 + Level 3.8 Summonings
 + Level 3.8 Necromancy
 + Level 3.8 Translocations
 + Level 3.8 Transmutations
 + Level 3.8 Fire Magic
 + Level 3.8 Ice Magic
 + Level 3.8 Air Magic
 + Level 3.8 Earth Magic
 + Level 3.8 Poison Magic
 + Level 5.1 Invocations
 + Level 5.3 Evocations


You had 17 spell levels left.
You didn't know any spells.
Your spell library contained the following spells:

 Spells                   Type           Power      Damage    Failure   Level
 Corpse Rot               Necr/Air       N/A        N/A       10%         2
 Poisonous Vapours        Pois/Air       30%        N/A       10%         2
 Ozocubu's Armour         Ice            15%        N/A       19%         3
 Summon Guardian Golem    Hex/Summ       15%        N/A       19%         3
 Animate Armour           Summ/Erth      30%        N/A       54%         4
 Petrify                  Tmut/Erth      15%        N/A       54%         4
 Freezing Cloud           Conj/Ice/Air   7%         6-21      87%         5
 Metabolic Englaciation   Hex/Ice        7%         N/A       87%         5
 Statue Form              Tmut/Erth      10%        N/A       100%        6
 Ozocubu's Refrigeration  Ice            7%         4d6       100%        7
 Necromutation            Tmut/Necr      7%         N/A       100%        8


Dungeon Overview and Level Annotations

Branches:
Dungeon (8/15)             Temple (1/1) D:4         Ossuary (visited)
   Lair: D:8-11

Altars:
Ashenzari
Dithmenos
Elyvilon
Fedhas
Gozag
Kikubaaqudgha
Makhleb
Nemelex Xobeh
Okawaru
Qazlal
Ru
Sif Muna
Trog
Uskayaw
Vehumet
Wu Jian
Yredelemnul
Zin
The Shining One


Innate Abilities, Weirdness & Mutations

You have very sharp teeth.
Your uncanny sense of smell can sniff out nearby items.
Your experience applies equally to all skills.


Message History

The two-headed ogre hits you with a +0 giant spiked club!!
* * * LOW HITPOINT WARNING * * *
Unknown command.
You walk carefully through the plants.
The two-headed ogre looks more healthy.
You see here a poisoned dart.
You walk carefully through the plants.
Throw: 3 darts (poison)
Press: ? - help, Q - select action, (/) - cycle Shift-Dir - straight line, f/p - two-headed ogre
Aim: a two-headed ogre, wielding a +0 giant club and a +0 giant spiked club (heavily wounded, ally target, 76% to hit)
You throw a poisoned dart. Fedhas protects your plant from harm.
The poisoned dart barely misses the two-headed ogre.
Your briar patch disappears in a puff of smoke!
You walk carefully through the plants.
Your briar patch disappears in a puff of smoke!
The two-headed ogre barely misses you. The two-headed ogre closely misses you.
You see here a poisoned dart.
Aiming: Iceblast
Press: ? - help, Shift-Dir - straight line, p - two-headed ogre Fedhas protects your plant from harm.
The mass of ice explodes!
The iceblast engulfs the two-headed ogre.
The two-headed ogre is heavily wounded.
Unknown command.
The two-headed ogre closely misses you.
The two-headed ogre hits you but does no damage.
Aiming: Iceblast
Press: ? - help, Shift-Dir - straight line, f - two-headed ogre
Aim: a two-headed ogre, wielding a +0 giant club and a +0 giant spiked club (moderately wounded)
The mass of ice explodes!
The iceblast engulfs the two-headed ogre!!
The two-headed ogre is almost dead.
Unknown command.
Unknown command.
You see here a poisoned dart.
The two-headed ogre hits you with a +0 giant club!
* * * LOW HITPOINT WARNING * * *
The two-headed ogre hits you with a +0 giant spiked club.
You die...
Fedhas appreciates your contribution to the ecosystem.

#.#♣♣♣♣♣♣♣#......#####.####
#.####### #..#......##.#
#....[..# #............#
#.......###......##.##.#
#.##.#....><...#.....^.#
#.......##.......##.####
#.##.......#..##.##.# ### ######
#.####..#..#..##.##.###.## #.....
....##..#....(##@##.##...###.###.
#............(.O.......[.....# #.
.......###.#..[#.###.#....##.###.
.......# #....[>)# #.##..........
.##.##.# ###..)### #.##.≈≈≈≈≈≈≈≈≈
.##..#.# #...# #.##.≈.......≈
.....).# #...# #.##.≈.###.#.≈
)###)..#####...#####....≈.#...#.≈
.).................<.##.≈.#._.#.≈


You could see a two-headed ogre.

Vanquished Creatures
  Prince Ribbit (D:6)
  Sigmund (D:2)
  A steam dragon (D:8)
  Menkaure (D:4)
  2 black bears
  A sky beast (D:5)
  3 ice beasts
  A necrophage (D:6)
  An orc warrior (D:7)
  A centaur (D:5)
  2 kobold brigands (D:7)
  3 bullfrogs
  A gnoll sergeant (D:6)
  A wyvern zombie (D:8)
  3 water moccasin zombies (Ossuary)
  2 scorpions
  A water moccasin skeleton (D:5)
  3 jellies
  4 orc priests
  Crazy Yiuf (D:2)
  2 hounds
  An iguana (D:5)
  4 orc wizards
  A killer bee zombie (D:6)
  2 hound skeletons
  2 mummies (Ossuary)
  Robin (D:1)
  9 gnolls
  2 adders
  A shadow imp (D:5)
  2 white imps (D:5)
  4 adder zombies (Ossuary)
  A dart slug (D:2)
  13 orcs
  4 ball pythons
  3 bats
  An endoplasm (D:2)
  A giant cockroach (D:1)
  A gnoll zombie (Ossuary)
  11 goblins
  9 hobgoblins
  7 jackals
  19 kobolds
  3 quokkas
  6 frilled lizards
  6 hobgoblin zombies (Ossuary)
  5 kobold zombies (Ossuary)
  12 orc zombies (Ossuary)
  2 rats
169 creatures vanquished.

Notes
Turn   | Place    | Note
-------+----------+-------------------------------------------
     0 | D:1      | belegose the Gnoll Wanderer began the quest for the Orb.
     0 | D:1      | belegose set off with the following items: a +2 hand
                  | crossbow, 25 bolts, a +0 ring mail, a scroll of
                  | teleportation
     0 | D:1      | Reached XP level 1. HP: 23/23 MP: 1/1
   739 | D:1      | Reached XP level 2. HP: 29/29 MP: 2/2
  1731 | D:2      | Noticed Robin
  1757 | D:2      | Reached XP level 3. HP: 30/35 MP: 3/3
  2016 | D:1      | Killed Robin
  2017 | D:1      | Reached skill level 1 in Invocations
  2274 | D:2      | Noticed Sigmund
  2341 | D:2      | Found a faded altar of an unknown god.
  2428 | D:2      | Reached skill level 1 in Short Blades
  2428 | D:2      | Reached skill level 1 in Long Blades
  2428 | D:2      | Reached skill level 1 in Maces & Flails
  2428 | D:2      | Reached skill level 1 in Polearms
  2428 | D:2      | Reached skill level 1 in Staves
  2428 | D:2      | Reached skill level 1 in Slings
  2428 | D:2      | Reached skill level 1 in Bows
  2428 | D:2      | Reached skill level 1 in Dodging
  2428 | D:2      | Reached skill level 1 in Stealth
  2428 | D:2      | Reached skill level 1 in Shields
  2428 | D:2      | Reached skill level 1 in Unarmed Combat
  2428 | D:2      | Reached skill level 1 in Spellcasting
  2781 | D:2      | Found a runed translucent door.
  2782 | D:2      | Noticed Crazy Yiuf
  3031 | D:2      | Reached XP level 4. HP: 41/41 MP: 5/5
  3834 | D:3      | Noticed a phantom
  3992 | D:3      | Found a sacrificial altar of Ru.
  4031 | D:3      | Found a broken altar of Ashenzari.
  4359 | D:4      | Noticed a scorpion
  4365 | D:3      | Reached skill level 1 in Conjurations
  4365 | D:3      | Reached skill level 1 in Hexes
  4365 | D:3      | Reached skill level 1 in Summonings
  4365 | D:3      | Reached skill level 1 in Necromancy
  4365 | D:3      | Reached skill level 1 in Translocations
  4365 | D:3      | Reached skill level 1 in Transmutations
  4365 | D:3      | Reached skill level 1 in Fire Magic
  4365 | D:3      | Reached skill level 1 in Ice Magic
  4365 | D:3      | Reached skill level 1 in Air Magic
  4365 | D:3      | Reached skill level 1 in Earth Magic
  4365 | D:3      | Reached skill level 1 in Poison Magic
  4500 | D:4      | Found a glowing golden altar of the Shining One.
  4555 | D:4      | Found a staircase to the Ecumenical Temple.
  4569 | Temple   | Entered the Ecumenical Temple
  4598 | D:4      | Reached XP level 5. HP: 17/47 MP: 6/6
  4621 | D:4      | Found a sand-covered staircase.
  4649 | Ossuary  | Entered an ossuary
  4850 | Ossuary  | Reached XP level 6. HP: 34/53 MP: 8/8
  5019 | Ossuary  | Reached skill level 5 in Crossbows
  5019 | Ossuary  | Reached skill level 5 in Armour
  5420 | Ossuary  | Reached XP level 7. HP: 59/59 MP: 10/10
  5499 | D:4      | Got the Papyrus of Transmutation and Summoning
  5506 | D:4      | Noticed Menkaure
  5509 | D:4      | Killed Menkaure
  5510 | D:4      | Reached skill level 7 in Fighting
  5663 | D:4      | Found a white marble altar of Elyvilon.
  5849 | D:4      | Found a sparkling altar of Nemelex Xobeh.
  6402 | Temple   | Became a worshipper of Fedhas Madash
  6439 | D:5      | Entered Level 5 of the Dungeon
  7563 | D:6      | Noticed Prince Ribbit
  7594 | D:5      | Reached XP level 8. HP: 60/67 MP: 12/12
  7645 | D:6      | Killed Prince Ribbit
  8511 | D:6      | You fall into a shaft and drop 2 floors!
  8635 | D:6      | Reached * piety under Fedhas
  8662 | D:5      | Reached XP level 9. HP: 69/72 MP: 14/14
  9932 | D:7      | Reached skill level 5 in Axes
  9932 | D:7      | Reached skill level 5 in Throwing
  9932 | D:7      | Reached skill level 5 in Evocations
 10137 | D:7      | Found an iron altar of Okawaru.
 10660 | D:2      | Killed Sigmund
 10661 | D:2      | Reached skill level 8 in Fighting
 10745 | D:2      | Killed Crazy Yiuf
 10993 | D:7      | Reached ** piety under Fedhas
 11489 | D:7      | Reached skill level 5 in Invocations
 11665 | D:8      | Noticed a two-headed ogre
 11834 | D:7      | Slain by a two-headed ogre

Illustrated notes

Levels and vault maps discovered:
D:1:      lemuel_arrival_tunnels, layout_basic
D:2:      layout_basic, ebering_ecumenical_altar_abandoned, uniq_robin,
          uniq_sigmund, uniq_crazy_yiuf_cottage
D:3:      corexii_shack_village, layout_loops_ring, ashenzari_altar_1,
          nicolae_ru_the_path_less_chosen, lightli_corner_chamber
D:4:      layout_cave_pools, tso_metal_star, elyvilon_altar_1,
          nemelex_spade_bored_becter, minmay_temple_entry_glass,
          nicolae_ossuary_entry_monument, uniq_menkaure
D:5:      layout_cave_pools
D:6:      layout_basic, uniq_prince_ribbit1
D:7:      layout_loops_cross, mainiacjoe_overflow_brackets,
          kennysheep_pointless_box, kennysheep_generic_room_11
D:8:      layout_loops_ring, kennysheep_mini, kennysheep_generic_room_12,
          uniq_gastronok
Temple:   oiseaux_autumnal_temple

Skill      XL: |  1  2  3  4  5  6  7  8  9 |
---------------+----------------------------+-----
Invocations    | 1 2 3 4 5 |  5.1
Short Blades   | 1 2 3 4 |  4.6
Long Blades    | 1 2 3 4 |  4.6
Maces & Flails | 1 2 3 4 |  4.6
Polearms       | 1 2 3 4 |  4.6
Staves         | 1 2 3 4 |  4.6
Slings         | 1 2 3 4 |  4.6
Bows           | 1 2 3 4 |  4.6
Dodging        | 1 2 3 4 |  4.6
Stealth        | 1 2 3 4 |  4.6
Shields        | 1 2 3 4 |  4.6
Unarmed Combat | 1 2 3 4 |  4.6
Spellcasting   | 1 2 3 4 |  4.6
Conjurations   | 1 2 3 |  3.8
Hexes          | 1 2 3 |  3.8
Summonings     | 1 2 3 |  3.8
Necromancy     | 1 2 3 |  3.8
Translocations | 1 2 3 |  3.8
Transmutations | 1 2 3 |  3.8
Fire Magic     | 1 2 3 |  3.8
Ice Magic      | 1 2 3 |  3.8
Air Magic      | 1 2 3 |  3.8
Earth Magic    | 1 2 3 |  3.8
Poison Magic   | 1 2 3 |  3.8
Axes           | 3 4 5 |  5.3
Throwing       | 3 4 5 |  5.3
Evocations     | 3 4 5 |  5.3
Crossbows      | 5 6 |  6.6
Armour         | 5 6 |  6.6
Fighting       | 7 8 |  8.1

Action                   |  1- 3 |  4- 6 |  7- 9 || total
-------------------------+-------+-------+-------++-------
Melee: Hand crossbow     |    13 |       |       ||    13
       Club              |    11 |       |       ||    11
       Short sword       |   127 |       |    11 ||   138
       Bite              |     7 |    24 |    34 ||    65
       Punch             |     1 |     2 |     4 ||     7
       Rapier            |       |   269 |    62 ||   331
       Dagger            |       |     1 |   230 ||   231
       Quarterstaff      |       |       |    65 ||    65
       Trident           |       |       |    12 ||    12
 Fire: Hand crossbow     |     8 |       |       ||     8
       Hunting sling     |     2 |    37 |       ||    39
Throw: Javelin           |       |     6 |    10 ||    16
       Dart              |       |       |    45 ||    45
       Stone             |       |       |     5 ||     5
Invok: Wall of Briars    |       |       |     1 ||     1
Evoke: Wand              |       |     5 |     6 ||    11
  Use: Potion            |     1 |       |     1 ||     2
       Scroll            |       |       |     5 ||     5
Armor: Ring mail         |    84 |   130 |   168 ||   382
Dodge: Dodged            |    79 |   123 |   198 ||   400
